 Dungeon Crawl Stone Soup version 0.27-a0-577-ge2a43ba0c9 (webtiles) character file.

Game seed: 10397469133816646400

203768 sanka the Gelid (level 17, -4/148 HPs)
             Began as a Vampire Ice Elementalist on Mar 1, 2021.
             Was the Champion of Vehumet.
             Slain by an alligator (11 damage)
             ... led by an alligator
             ... on level 3 of the Swamp on Mar 9, 2021.
             The game lasted 02:12:33 (43651 turns).

sanka the Gelid (Vampire Ice Elementalist)         Turns: 43651, Time: 02:12:33

Health: -4/148     AC: 33    Str:  7    XL:     17   Next: 99%
Magic:  30/33      EV: 24    Int: 27    God:    Vehumet [******]
Gold:   2517       SH:  0    Dex: 22    Spells: 10/40 levels left

rFire    + . .     SeeInvis +   a - +2 scimitar (flame)
rCold    . . .     Faith    .   e - +1 buckler "Esacoepn" {rF+ Int+4}
rNeg     . . .     Spirit   .   N - +2 robe {Archmagi}
rPois    +         Reflect  .   u - +2 helmet {SInv}
rElec    .         Harm     .   V - +2 cloak {rPois}
rCorr    .         Rampage  .   Y - +2 pair of gloves {archery}
Will     +....     Rnd*Tele +   v - +2 pair of boots
Stlth    +.........             T - amulet of Vitality {Regen+ HP+15}
HPRegen  1.54/turn              H - +4 ring of protection
MPRegen  0.23/turn              t - +6 ring of dexterity

@: confused, ice-armoured, about to teleport, ambrosia-drunk, regenerating
quickly
A: fangs 3, see invisible, teleportitis 1, unbreathing 1
}: 1/15 runes: gossamer
a: Exsanguinate, Renounce Religion


You were on level 3 of the Swamp.
You worshipped Vehumet.
Vehumet was exalted by your worship.
You visited 6 branches of the dungeon, and saw 31 of its levels.

You collected 4669 gold pieces.
You spent 2152 gold pieces at shops.


Innate Abilities, Weirdness & Mutations

Your natural rate of healing is unusually fast.
You have razor-sharp teeth.
You have supernaturally acute eyesight. (SInv)
You can survive without breathing.
You are occasionally teleported next to monsters.


   Skills:
 - Level 12.0 Fighting
 + Level 13.8 Long Blades
 - Level 15.0 Dodging
 - Level 3.0 Stealth
 - Level 4.0 Shields
 - Level 12.0 Spellcasting
 - Level 6.0 Conjurations
 - Level 4.0 Summonings
 + Level 16.3 Ice Magic
 - Level 6.0 Air Magic


You had 10 spell levels left.
You knew the following spells:

 Your Spells              Type           Power      Damage    Failure   Level
a - Ozocubu's Armour      Ice            100%       N/A       0%          3
i - Absolute Zero         Ice            51%        ∞         69%         9
u - Hailstorm             Conj/Ice       86%        3d17      1%          4
x - Summon Ice Beast      Ice/Summ       82%        N/A       1%          4
y - Frozen Ramparts       Ice            100%       1d12      0%          3
z - Freeze                Ice            100%       1d11      0%          1
X - Freezing Cloud        Conj/Ice/Air   39%        6-21      3%          6

Your spell library contained the following spells:

 Spells                   Type           Power      Damage    Failure   Level
 Chain Lightning          Conj/Air       32%        N/A       98%         8
 Lehudib's Crystal Spear  Conj/Erth      24%        10d7      100%        8
 Magic Dart               Conj           100%       1d8       1%          1
 Sandblast                Erth           48%        2d12      1%          1
 Call Imp                 Summ           54%        N/A       1%          2
 Conjure Flame            Conj/Fire      48%        6-21      1%          3
 Mephitic Cloud           Conj/Pois/Air  54%        N/A       1%          3
 Stone Arrow              Conj/Erth      96%        3d13      1%          3
 Iskenderun's Battlesphe  Conj           64%        2d11      2%          5
 Blink                    Tloc           N/A        N/A       5%          2
 Passwall                 Tmut/Erth      20%        N/A       5%          2
 Slow                     Hex            24%        N/A       5%          2
 Bolt of Magma            Conj/Fire/Erth 20%        4d10      11%         5
 Lee's Rapid Deconstruct  Erth           12%        3d9*      24%         5
 Petrify                  Tmut/Erth      24%        N/A       34%         4
 Iron Shot                Conj/Erth      24%        9d5       36%         6
 Orb of Destruction       Conj           32%        9d12      50%         7
 Spellforged Servitor     Conj/Summ      29%        N/A       65%         7

Inventory:

Hand Weapons
 a - a +2 scimitar of flaming (weapon)
 S - the +3 war axe of Jeqaz {vorpal, rElec rPois Will+}

   It inflicts extra damage upon your enemies.
   It insulates you from electricity.
   It protects you from poison.
   It affects your willpower, your defense against some magical effects.
Missiles
 C - 3 throwing nets {=f}
 J - 13 curare-tipped darts {=f}
Armour
 e - the +1 buckler "Esacoepn" (worn) {rF+ Int+4}

   It affects your intelligence (+4).
   It protects you from fire.
 u - a +2 helmet of see invisible (worn)
 v - a +2 pair of boots (worn)
 G - a scarf of resistance
 N - a +2 robe of the Archmagi (worn)
 Q - a +2 cloak of preservation
 V - a +2 cloak of poison resistance (worn)
 Y - a +2 pair of gloves of archery (worn)
Magical Staves
 b - a staff of cold
Jewellery
 k - a ring of flight
 p - a +6 ring of intelligence
 t - a +6 ring of dexterity (right hand)
 A - a ring of ice
 D - a ring of protection from cold
 H - a +4 ring of protection (left hand)
 K - a ring of protection from fire
 T - the amulet of Vitality (around neck) {Regen+ HP+15}

   [amulet of regeneration]

   It affects your health (+15).
   It increases your rate of regeneration.
Wands
 r - a wand of polymorph (29)
 x - a wand of digging (16)
 F - a wand of charming (19)
 L - a wand of iceblast (11)
 X - a wand of mindburst (1)
 Z - a wand of paralysis (21)
Scrolls
 d - 8 scrolls of amnesia
 f - 7 scrolls of fog
 h - 2 scrolls of fear
 o - 6 scrolls of enchant weapon
 q - 6 scrolls of blinking
 y - 5 scrolls of teleportation {@r4}
 I - a scroll of enchant armour
 M - a scroll of acquirement
 O - 2 scrolls of summoning
 P - 2 scrolls of silence {!r}
 R - a scroll of magic mapping
 U - 4 scrolls of torment {!r}
Potions
 g - a potion of ambrosia
 i - 3 potions of invisibility {unknown}
 j - a potion of flight {unknown}
 l - 2 potions of cancellation
 m - 7 potions of haste {@q3}
 n - 2 potions of mutation {unknown}
 s - 8 potions of might
 w - 5 potions of resistance
 z - 4 potions of lignification {!q}
 B - a potion of heal wounds {unknown}
 E - a potion of magic {unknown}
 W - 3 potions of brilliance

Dungeon Overview and Level Annotations

Branches:
Dungeon (15/15) Temple (1/1) D:5 Lair (6/6) D:9 Swamp (3/4) Lair:4 Spider (4/4) Lair:2 Slime (0/5) Lair:6 Orc (2/2) D:11 Elf (0/3) Orc:2 Vaults (0/5) D:13 D:14 Depths (0/5) D:15

Altars:
Ashenzari
Cheibriados
Dithmenos
Elyvilon
Fedhas
Gozag
Hepliaklqana
Kikubaaqudgha
Makhleb
Nemelex Xobeh
Okawaru
Qazlal
Ru
Sif Muna
Trog
Uskayaw
Vehumet
Wu Jian
Xom
Yredelemnul
Zin
The Shining One
Beogh

Shops:
D:4 [   D:8 (   D:10 =   D:12 ?   D:15 *   Orc:2 [[(((

Annotations:
Swamp:1 Louise

♣≈.≈≈≈≈≈≈ !.≈≈≈≈≈≈≈
.≈≈≈≈≈≈≈. .≈≈ .≈#≈≈≈≈.≈
♣♣ ... .....)≈.. ♣♣♣(
.≈.. ...≈.≈≈≈≈ ♣♣≈.≈
..... ≈.......≈
♣≈≈.♣♣.≈.♣. ♣..≈.♣ ♣
♣♣.≈.♣≈.≈.≈. ♣.≈≈≈♣♣♣♣≈.
♣...Vtv.≈..♣
♣.≈≈≈..≈....≈.♣♣Dtv≈##..
♣♣.††≈#..≈≈≈≈.≈vv#≈#≈≈≈.
♣≈..≈≈.£.≈≈≈≈..###≈≈≈≈(.
≈.≈≈...../≈≈##..(♣♣♣♣#♣♣
≈≈≈#?......≈≈≈≈≈≈. ♣
≈≈≈≈≈.....#≈≈≈≈≈.(
≈≈#≈≈≈....≈≈≈≈≈...
.≈†≈≈#....≈≈≈.≈.≈..


You could see 2 alligators, a swamp dragon and a will-o-the-wisp.


Message History

* * * LOW HITPOINT WARNING * * *
The alligator tail-slaps you.
* * * LOW HITPOINT WARNING * * *
The swamp dragon bites you but does no damage.
You block the swamp dragon's attack.
The swamp dragon tramples you but does no damage.
The alligator barely misses you.
You riposte.
You hit the alligator. You burn the alligator.
The alligator is lightly wounded.
The alligator tail-slaps you but does no damage.
You are confused.
You feel invigorated. The alligator bites you.
* * * LOW HITPOINT WARNING * * *
The alligator misses you. The alligator barely misses you.
The alligator barely misses you.
The swamp dragon bites you but does no damage.
The swamp dragon claws you but does no damage.
The swamp dragon misses you.
The will-o-the-wisp gestures.
The will-o-the-wisp conjures some foxfire! 2 foxfires come into view.
Unknown command.
Unknown command.
Unknown command.
The alligator bites you!
You die...

Action                   |  1- 3 |  4- 6 |  7- 9 | 10-12 | 13-15 | 16-18 || total
-------------------------+-------+-------+-------+-------+-------+-------++-------
Melee: Unarmed           |    16 |    31 |       |       |       |       ||    47
       Bite              |     2 |     1 |    16 |    25 |   130 |   192 ||   366
       Dagger            |       |    12 |       |       |       |       ||    12
       Quarterstaff      |       |     3 |   165 |    87 |       |       ||   255
       Great sword       |       |       |       |   111 |   380 |       ||   491
       Staff             |       |       |       |       |     6 |       ||     6
       Scimitar          |       |       |       |       |   392 |  1005 ||  1397
       War axe           |       |       |       |       |       |     5 ||     5
 Cast: Freeze            |    48 |   108 |   190 |   287 |   358 |    93 ||  1084
       Frozen Ramparts   |       |     5 |    27 |    49 |    83 |   100 ||   264
       Ozocubu's Armour  |       |       |    16 |    37 |    84 |   100 ||   237
       Hailstorm         |       |       |       |    18 |   127 |    31 ||   176
       Summon Ice Beast  |       |       |       |     3 |       |       ||     3
       Freezing Cloud    |       |       |       |       |       |    17 ||    17
 Abil: End Transformatio |       |       |       |       |     1 |       ||     1
       Stop Flying       |       |       |       |       |     1 |       ||     1
       Bat Form          |       |       |       |       |     1 |       ||     1
       Exsanguinate      |       |       |       |       |     1 |       ||     1
       Revivify          |       |       |       |       |     1 |       ||     1
Evoke: Wand              |       |       |     7 |     2 |    31 |    16 ||    56
  Use: Potion            |       |       |     1 |       |     7 |     8 ||    16
       Scroll            |       |       |       |    13 |    11 |     8 ||    32
 Stab: Sleeping          |       |     4 |     2 |     4 |     6 |     3 ||    19
       Distracted        |       |     1 |     1 |       |       |     1 ||     3
       Paralysed         |       |       |     2 |     3 |       |       ||     5
       Confused          |       |       |     2 |       |       |       ||     2
       Held in net/web   |       |       |       |       |       |     2 ||     2
Armor: Robe              |    17 |    26 |    63 |   208 |   371 |   595 ||  1280
Dodge: Dodged            |    35 |    79 |   336 |   679 |  1757 |  1662 ||  4548
Block: Buckler           |       |       |       |       |   173 |   525 ||   698
       Rpst.: Great sword |       |       |       |   131 |   228 |       ||   359
       Scimitar          |       |       |       |       |   126 |   305 ||   431

Levels and vault maps discovered:
D:1:      dpeg_cavernosity, layout_rooms, kennysheep_decorative_pillar
D:2:      layout_basic, uniq_crazy_yiuf_cottage, uniq_natasha
D:3:      layout_loops_corners
D:4:      layout_rooms, lemuel_coloured_pillars_altar,
          nicolae_dithmenos_the_darkroom, nicolae_qazlal_general_emergency,
          serial_shops, shop, minivault_5
D:5:      layout_basic, minmay_temple_entry_sparse_star, serial_undead,
          serial_undead_b, serial_undead_b, serial_undead_a, serial_undead_b,
          uniq_blork_the_orc
D:6:      lemuel_castle_with_subvaults [lemuel_castle_interior_carwin_3],
          layout_rooms, lemuel_doored_altar, led_sif_book
D:7:      layout_basic, cheibriados_altar_1
D:8:      layout_basic, serial_shops, shop
D:9:      layout_basic, lemuel_crystal_altar,
          chequers_temple_overflow_statue_of_worship, david_lair_generic,
          mrwooster_statue_mirror, uniq_psyche
D:10:     layout_stronghold, serial_shops, nicolae_shop_trees,
          lemuel_statue_altar
D:11:     layout_stronghold, orc_0_dummy, serial_column_ruins,
          column_ruins_circle_large, column_ruins_hut_water,
          column_ruins_grid_1, column_ruins_grid_3, column_ruins_grid_3,
          column_ruins_grid_1, column_ruins_open_medium_water,
          column_ruins_grid_1, column_ruins_columns_dead_end,
          nicolae_tso_carved_into_rock
D:12:     layout_basic, serial_shops, nicolae_shop_window_shopping
D:13:     layout_basic, basic_altar, minmay_protected_statue, uniq_kirke,
          uniq_frances
D:14:     layout_cave_pools, david_vaults_3, chequers_decorated_corner
D:15:     gammafunk_depths_entry_grave, layout_cave_pools, fedhas_altar_2,
          serial_shops, shop_statue, elyvilon_altar_1
Temple:   eino_temple_lava
Lair:1:   layout_regular_city, grunt_megastairs_5, minmay_lair_oklob_chamber,
          uniq_sonja
Lair:2:   layout_loops_ring, spider_nest_entry_funnel_web,
          serial_bayou_crossing, serial_bayou_shore_b, lemuel_fruit_fields
Lair:3:   layout_cave_pods
Lair:4:   layout_cave_pods, minmay_swamp_entry_reptiles
Lair:5:   statuecave_lemuel, layout_cave_pods, uniq_snorg
Lair:6:   minmay_lair_end_enchanted_forest, layout_hall_layers,
          minmay_slime_entry_pillars
Swamp:1:  layout_basic_swamp, evilmike_swamp_ruin_house_5, uniq_louise
Swamp:2:  layout_basic_swamp, serial_swamp_ruin, evilmike_swamp_ruin_house_1,
          evilmike_swamp_ruin_house_4, evilmike_swamp_ruin_rubble_1
Swamp:3:  layout_basic_swamp, hangedman_swamp_ruin_wall
Spider:1: layout_spider_delve, uniq_nikola
Spider:2: layout_spider_delve, hangedman_spider_tarantella_strand
Spider:3: layout_spider_delve, minivault_29
Spider:4: floodkiller_spider_rune_tomb
Orc:1:    layout_diamond_mine, basic_altar, nicolae_orc_damp_corner
Orc:2:    st_orc_pillars, layout_caves, serial_shops, nicolae_shop_behind_doors

Notes
Turn   | Place    | Note
-------+----------+-------------------------------------------
     0 | D:1      | sanka the Vampire Ice Elementalist began the quest for the
                  | Orb.
     0 | D:1      | Reached XP level 1. HP: 13/13 MP: 3/3
   322 | D:1      | Reached XP level 2. HP: 17/19 MP: 0/5
   748 | D:1      | Reached skill level 5 in Ice Magic
   780 | D:1      | Reached XP level 3. HP: 24/24 MP: 3/6
   813 | D:1      | Learned a level 3 spell: Frozen Ramparts
  1322 | D:2      | Noticed Natasha
  1328 | D:2      | Killed Natasha
  1329 | D:2      | Reached XP level 4. HP: 20/30 MP: 3/7
  1536 | D:2      | Reached skill level 6 in Ice Magic
  1604 | D:2      | Learned a level 3 spell: Ozocubu's Armour
  1746 | D:2      | Noticed Natasha
  1751 | D:2      | Killed Natasha
  1752 | D:2      | Reached XP level 5. HP: 35/35 MP: 5/8
  1883 | D:2      | Found a runed translucent door.
  1884 | D:2      | Noticed Crazy Yiuf
  1990 | D:2      | Noticed Natasha
  1994 | D:2      | Killed Natasha
  2207 | D:2      | Killed Crazy Yiuf
  2324 | D:3      | Reached skill level 7 in Ice Magic
  3109 | D:3      | Reached XP level 6. HP: 38/41 MP: 6/9
  3573 | D:4      | Found Dikloeb's Armour Emporium.
  3843 | D:4      | Found a shadowy altar of Dithmenos.
  3971 | D:4      | Found an ancient bone altar of Kikubaaqudgha.
  4144 | D:4      | Reached skill level 8 in Ice Magic
  4209 | D:4      | Found a stormy altar of Qazlal.
  4548 | D:5      | Entered Level 5 of the Dungeon
  4573 | D:5      | Noticed Blork the orc
  4580 | D:5      | Killed Blork the orc
  4581 | D:5      | Reached skill level 1 in Fighting
  4621 | D:5      | Reached skill level 3 in Dodging
  4621 | D:5      | Reached XP level 7. HP: 44/48 MP: 5/10
  4682 | D:5      | Reached skill level 2 in Fighting
  4775 | D:5      | Noticed a wyvern
  4775 | D:5      | an ice beast changed into a wyvern
  4780 | D:5      | Killed a wyvern
  4781 | D:5      | Reached skill level 4 in Dodging
  4885 | D:5      | Found a staircase to the Ecumenical Temple.
  4905 | Temple   | Entered the Ecumenical Temple
  4975 | Temple   | Became a worshipper of Vehumet
  5008 | D:5      | Reached skill level 3 in Fighting
  5291 | D:5      | Reached skill level 5 in Dodging
  5469 | D:5      | Reached XP level 8. HP: 58/58 MP: 11/11
  5504 | D:5      | Reached skill level 6 in Dodging
  5846 | D:5      | Reached skill level 7 in Dodging
  6058 | D:6      | Reached * piety under Vehumet
  6058 | D:6      | Offered knowledge of Shock by Vehumet.
  6317 | D:6      | Reached skill level 8 in Dodging
  6432 | D:6      | Learned a level 4 spell: Summon Ice Beast
  6613 | D:6      | Found an ornate altar of the Wu Jian Council.
  6647 | D:6      | Reached skill level 1 in Summonings
  6912 | D:6      | Offered knowledge of Magic Dart by Vehumet.
  6917 | D:6      | Reached ** piety under Vehumet
  7142 | D:6      | Found a shimmering blue altar of Sif Muna.
  7163 | D:6      | Reached skill level 3 in Spellcasting
  7216 | D:6      | Reached skill level 2 in Summonings
  7489 | D:6      | Reached XP level 9. HP: 63/63 MP: 7/14
  7522 | D:6      | Offered knowledge of Inner Flame by Vehumet.
  7649 | D:6      | Reached skill level 3 in Summonings
  7986 | D:7      | Reached *** piety under Vehumet
  7987 | D:7      | Reached skill level 4 in Spellcasting
  7988 | D:7      | Reached skill level 9 in Ice Magic
  8336 | D:7      | Reached skill level 4 in Summonings
  8584 | D:7      | Offered knowledge of Mephitic Cloud by Vehumet.
  8727 | D:7      | HP: 4/55 [wight/+6 dagger of freezing (2)]
  8734 | D:7      | Reached skill level 10 in Ice Magic
  8866 | D:7      | Identified a scarf of resistance
  9044 | D:7      | Found a snail-covered altar of Cheibriados.
  9377 | D:4      | Bought a +2 robe of the Archmagi for 414 gold pieces
  9388 | D:4      | Bought a +0 pair of boots for 49 gold pieces
  9456 | D:8      | Found Nahae's Antique Weapon Shoppe.
  9496 | D:8      | Learned a level 4 spell: Hailstorm
  9571 | D:8      | Reached **** piety under Vehumet
  9742 | D:8      | Offered knowledge of Irradiate by Vehumet.
  9743 | D:8      | Reached skill level 11 in Ice Magic
  9792 | D:8      | Noticed a two-headed ogre
  9800 | D:8      | Killed a two-headed ogre
  9801 | D:8      | Reached XP level 10. HP: 52/70 MP: 6/16
 10183 | D:8      | Reached skill level 1 in Conjurations
 10679 | D:8      | Reached skill level 2 in Conjurations
 10682 | D:8      | Reached skill level 12 in Ice Magic
 10933 | D:9      | Noticed Psyche
 10962 | D:9      | Killed Psyche
 11028 | D:9      | Found a sparkling altar of Nemelex Xobeh.
 11044 | D:9      | Reached skill level 3 in Conjurations
 11532 | D:9      | Noticed an elephant
 11533 | D:9      | Found a staircase to the Lair.
 11541 | D:9      | Reached skill level 4 in Conjurations
 11543 | D:9      | Reached ***** piety under Vehumet
 11543 | D:9      | Offered knowledge of Iskenderun's Battlesphere by Vehumet.
 11549 | D:9      | Killed an elephant
 11628 | D:9      | Identified the +3 war axe of Jeqaz {vorpal, rElec rPois
                  | Will+}
 11762 | D:9      | Found a glowing silver altar of Zin.
 11937 | D:9      | Found a bloodstained altar of Trog.
 12162 | D:10     | Entered Level 10 of the Dungeon
 12204 | D:10     | Noticed a two-headed ogre
 12217 | D:10     | Killed a two-headed ogre
 12218 | D:10     | Reached skill level 4 in Fighting
 12218 | D:10     | Reached skill level 9 in Dodging
 12581 | D:10     | Identified the +2 pair of gloves "Itzydu" {Harm Will+
                  | rCorr}
 12705 | D:10     | Found Oryn's Jewellery Shop.
 12717 | D:10     | Reached XP level 11. HP: 77/77 MP: 12/17
 13046 | D:10     | Found the amulet of Vitality {Regen+ HP+15}
 13207 | D:10     | Found a glowing golden altar of the Shining One.
 13266 | D:10     | Identified the +6 mace "Kagog" {freeze, +Fly Dex+4}
 13511 | D:11     | Found a staircase to the Orcish Mines.
 13555 | D:11     | Reached skill level 10 in Dodging
 13612 | D:11     | Found a glowing golden altar of the Shining One.
 14266 | D:11     | Identified the +0 pair of boots of the Harp {Rampage *Drain
                  | rN+++ Regen+}
 14742 | Lair:1   | Entered Level 1 of the Lair of Beasts
 14751 | Lair:1   | Reached skill level 5 in Fighting
 14872 | Lair:1   | Reached skill level 11 in Dodging
 15011 | Lair:1   | Noticed a seven-headed hydra
 15023 | Lair:1   | Killed a seven-headed hydra
 15302 | Lair:1   | Reached skill level 6 in Fighting
 15615 | Lair:1   | Noticed Sonja
 15624 | Lair:1   | Killed Sonja
 15625 | Lair:1   | Reached skill level 12 in Dodging
 15821 | Lair:1   | Offered knowledge of Conjure Ball Lightning by Vehumet.
 16019 | Lair:1   | Reached XP level 12. HP: 72/89 MP: 14/18
 16155 | Lair:1   | Reached skill level 7 in Fighting
 16278 | Lair:1   | Reached skill level 13 in Dodging
 17578 | Lair:2   | Reached skill level 14 in Dodging
 17613 | Lair:2   | Found a hole to the Spider Nest.
 17730 | Lair:2   | Reached skill level 8 in Fighting
 18083 | Lair:3   | Noticed a six-headed hydra
 18095 | Lair:3   | Killed a six-headed hydra
 18613 | Lair:3   | Noticed a six-headed hydra
 18624 | Lair:3   | Killed a six-headed hydra
 18625 | Lair:3   | Offered knowledge of Yara's Violent Unravelling by Vehumet.
 18909 | Lair:3   | Identified the +3 buckler "Tabbebbi" {Will- rCorr Dex+6}
 19064 | Lair:3   | Noticed a seven-headed hydra
 19078 | Lair:3   | Killed a seven-headed hydra
 19079 | Lair:3   | Reached skill level 15 in Dodging
 19377 | Lair:4   | Reached skill level 1 in Long Blades
 19382 | Lair:4   | Reached skill level 9 in Fighting
 19384 | Lair:4   | Reached XP level 13. HP: 53/101 MP: 5/19
 19385 | Lair:4   | Reached skill level 2 in Long Blades
 19398 | Lair:4   | HP: 9/101 [dream sheep (4)]
 19403 | Lair:4   | Reached skill level 3 in Long Blades
 19906 | Lair:4   | Reached skill level 4 in Long Blades
 20205 | Lair:4   | Found a staircase to the Swamp.
 20369 | Lair:4   | Identified 2 scrolls of acquirement
 20559 | Lair:4   | Reached skill level 10 in Fighting
 20835 | Lair:4   | Reached skill level 5 in Long Blades
 21101 | Lair:5   | Offered knowledge of Orb of Destruction by Vehumet.
 21352 | Lair:5   | Reached skill level 6 in Long Blades
 21658 | Lair:5   | Noticed Snorg
 21672 | Lair:5   | Killed Snorg
 22936 | Lair:6   | Entered Level 6 of the Lair of Beasts
 22963 | Lair:6   | Reached skill level 7 in Long Blades
 23025 | Lair:6   | Reached skill level 11 in Fighting
 23387 | Lair:6   | Reached skill level 8 in Long Blades
 23468 | Lair:6   | Reached XP level 14. HP: 79/113 MP: 1/20
 23631 | Lair:6   | Paralysed by a hornet for 2 turns
 23793 | Lair:6   | Offered knowledge of Eringya's Noxious Bog by Vehumet.
 24760 | Lair:6   | Reached skill level 9 in Long Blades
 25136 | Lair:6   | Found a staircase to the Slime Pits.
 25494 | Orc:1    | Entered Level 1 of the Orcish Mines
 25531 | Orc:1    | Found a roughly hewn altar of Beogh.
 26142 | Orc:2    | Entered Level 2 of the Orcish Mines
 26213 | Orc:2    | Reached skill level 12 in Fighting
 26225 | Orc:2    | Offered knowledge of Freezing Cloud by Vehumet.
 26233 | Orc:2    | Learned a level 6 spell: Freezing Cloud
 26389 | Orc:2    | Gained mutation: You are occasionally teleported next to
                  | monsters. [a neqoxec]
 26559 | Orc:2    | Reached skill level 1 in Air Magic
 26604 | Orc:2    | Found Yrachacwuu's Weapon Boutique.
 27249 | Orc:1    | Reached skill level 2 in Air Magic
 27951 | Orc:2    | Offered knowledge of Ignition by Vehumet.
 28288 | Orc:2    | Reached skill level 3 in Air Magic
 28520 | Orc:2    | Reached skill level 5 in Spellcasting
 28631 | Orc:2    | Found a staircase to the Elven Halls.
 28706 | Orc:2    | Found Yclaural's Antique Weapon Emporium.
 28706 | Orc:2    | Found Bity's Weapon Emporium.
 28707 | Orc:2    | Found Hotihucs's Armour Shoppe.
 28707 | Orc:2    | Found Sakkaorchos's Antique Armour Emporium.
 28952 | D:8      | Bought a runed scimitar for 182 gold pieces
 28954 | D:8      | Acquired 996 gold pieces
 29073 | D:12     | Found Kiru's Magic Scroll Shoppe.
 29158 | D:12     | Identified the +4 chain mail "Juag" {rPois Str+2}
 29382 | D:12     | Reached skill level 5 in Conjurations
 30110 | D:13     | Reached skill level 4 in Air Magic
 30425 | D:13     | Found a shimmering altar of Xom.
 30510 | D:13     | Paralysed by a hornet for 2 turns
 30610 | D:13     | Reached skill level 6 in Spellcasting
 30887 | D:13     | Identified the +2 fustibalus of Circular Logic {venom,
                  | Str+7}
 31100 | D:14     | Reached XP level 15. HP: 70/120 MP: 8/24
 31207 | D:14     | Reached skill level 5 in Air Magic
 31220 | D:14     | HP: 12/120 [two-headed ogre/+0 giant club (1)]
 31221 | D:14     | HP: 3/120 [redback zombie (8)]
 31225 | D:14     | Reached ****** piety under Vehumet
 31229 | D:14     | Reached skill level 13 in Ice Magic
 31548 | D:14     | Acquired 748 gold pieces
 31550 | D:14     | Acquired the +1 buckler "Esacoepn" {rF+ Int+4}
 31822 | D:12     | Bought a scroll of acquirement for 780 gold pieces
 31836 | D:12     | Bought a scroll of blinking for 112 gold pieces
 31836 | D:12     | Bought a scroll of blinking for 112 gold pieces
 31899 | D:13     | Noticed Kirke
 31905 | D:13     | Noticed Frances
 31952 | D:13     | Killed Frances
 31953 | D:13     | Reached skill level 1 in Shields
 31953 | D:13     | Killed Kirke
 31954 | D:13     | Reached skill level 7 in Spellcasting
 32207 | D:13     | Offered knowledge of Lehudib's Crystal Spear by Vehumet.
 32207 | D:13     | Offered knowledge of Chain Lightning by Vehumet.
 32207 | D:13     | Offered knowledge of Absolute Zero by Vehumet.
 32510 | D:4      | Bought a +1 cloak of preservation for 181 gold pieces
 32786 | D:14     | Found a gate to the Vaults.
 32786 | D:14     | Noticed Urug
 32786 | D:14     | Noticed Rupert
 32806 | D:13     | HP: 13/135 [Rupert/+1 vorpal triple sword (4)]
 32816 | D:13     | Killed Rupert
 32900 | D:13     | Reached skill level 2 in Shields
 33004 | D:14     | Killed Urug
 33634 | D:14     | Reached skill level 6 in Air Magic
 33857 | D:15     | Entered Level 15 of the Dungeon
 33857 | D:15     | Found a blossoming altar of Fedhas.
 33882 | D:15     | Upgraded the game from 0.27-a0-488-g88baaf19db to
                  | 0.27-a0-498-g7ecbb0a48f
 33917 | D:15     | Found Anyne's General Store.
 33945 | D:15     | Reached skill level 3 in Shields
 33964 | D:15     | Bought a +2 helmet of see invisible for 322 gold pieces
 34176 | D:15     | Upgraded the game from 0.27-a0-498-g7ecbb0a48f to
                  | 0.27-a0-538-g15ff5c5295
 34193 | D:15     | Reached skill level 10 in Long Blades
 34450 | D:15     | Reached skill level 8 in Spellcasting
 34471 | D:15     | Reached skill level 6 in Conjurations
 34516 | D:15     | Found a staircase to the Depths.
 34564 | D:15     | Identified the +7 quarterstaff of Chaos {venom, Int+2}
 34595 | D:15     | HP: 5/135 [skeletal warrior/the +7 quarterstaff of Chaos
                  | {venom, Int+2} (15)]
 35114 | D:15     | Upgraded the game from 0.27-a0-538-g15ff5c5295 to
                  | 0.27-a0-562-g0d39f094a4
 35358 | Spider:1 | Entered Level 1 of the Spider Nest
 35393 | Spider:1 | Reached skill level 4 in Shields
 35543 | Spider:1 | Reached XP level 16. HP: 127/127 MP: 22/28
 35796 | Spider:1 | Reached skill level 14 in Ice Magic
 35965 | Spider:1 | Learned a level 9 spell: Absolute Zero
 36212 | Spider:1 | Noticed Nikola
 36625 | Spider:1 | Killed Nikola
 36804 | Spider:2 | Reached skill level 9 in Spellcasting
 36981 | Spider:2 | Reached skill level 11 in Long Blades
 38336 | Spider:3 | Reached skill level 10 in Spellcasting
 39175 | Spider:3 | Reached skill level 15 in Ice Magic
 39550 | Spider:4 | Entered Level 4 of the Spider Nest
 39558 | Spider:4 | Reached skill level 12 in Long Blades
 39651 | Spider:4 | HP: 14/142 [wolf spider (16)]
 39652 | Spider:4 | HP: 1/142 [redback (11)]
 39654 | Spider:4 | Reached XP level 17. HP: 5/133 MP: 29/31
 41058 | Spider:4 | Reached skill level 11 in Spellcasting
 41498 | Spider:4 | Reached skill level 13 in Long Blades
 41662 | Spider:4 | Got a gossamer rune of Zot
 41824 | Spider:4 | Upgraded the game from 0.27-a0-562-g0d39f094a4 to
                  | 0.27-a0-577-ge2a43ba0c9
 42015 | Swamp:1  | Entered Level 1 of the Swamp
 42111 | Swamp:1  | Reached skill level 16 in Ice Magic
 42644 | Swamp:1  | Noticed Louise
 43550 | Swamp:3  | Reached skill level 12 in Spellcasting
 43649 | Swamp:3  | HP: 2/148 [alligator[an alligator] (25)]
 43651 | Swamp:3  | Slain by an alligator

Vanquished Creatures
  Nikola (Spider:1)
  Rupert (D:13)
  Frances (D:13)
  Kirke (D:13)
  2 ghost moths
  5 emperor scorpions
  A bunyip (Swamp:3)
  5 entropy weavers
  6 spark wasps
  Snorg (Lair:5)
  3 eleionomae
  5 boulder beetles
  15 hydras
  7 alligators
  3 centaur warriors
  4 tengu warriors
  8 death scarabs (Spider:4)
  6 two-headed ogres
  A queen ant (Spider:3)
  Urug (D:14)
  6 orc high priests (Orc:2)
  Sonja (Lair:1)
  2 spectral emperor scorpions (Spider:4)
  5 skeletal warriors
  6 goliath frogs
  2 spriggan druids
  An unseen horror (shapeshifter) (D:13)
  An unseen horror (D:15)
  A tengu zombie (D:15)
  3 wolf spider zombies (Spider:4)
  3 swamp dragons
  A flayed ghost (D:15)
  An obsidian statue (D:13)
  A bog body (Swamp:2)
  2 deep elf archers (D:14)
  8 orc knights
  A spectral wolf spider (Spider:4)
  13 orb spiders
  A necromancer (D:15)
  4 deep elf pyromancers (D:14)
  20 wolf spiders
  A manticore (D:15)
  6 ugly things
  A sphinx zombie (D:15)
  2 oklob plants (Lair:1)
  A will-o-the-wisp (Swamp:2)
  3 moths of wrath
  2 cyclopes
  2 centaur zombies
  8 black mambas
  A stone giant skeleton (D:15)
  2 gargoyles
  5 torpor snails
  7 elephants
  16 cane toads
  7 spectral redbacks (Spider:4)
  Psyche (D:9)
  9 komodo dragons
  A rime drake (Lair:2)
  2 efreet
  2 tengu conjurers (D:13)
  13 demonic crawlers
  A freezing wraith (D:13)
  5 redback zombies
  6 meliai
  8 trolls
  4 spectral tarantellas (Spider:4)
  26 jumping spiders
  6 polar bears
  15 hornets
  A fire dragon zombie (D:15)
  A blink frog (shapeshifter) (D:8)
  3 spectral jumping spiders (Spider:4)
  7 blink frogs
  8 slime creatures
  4 tyrant leeches
  18 dream sheep
  A meliai zombie (D:14)
  A shadow (D:13)
  16 spriggans
  34 tarantellas
  63 redbacks
  6 wyverns
  5 hogs (D:13)
  2 wraiths (D:15)
  46 yaks
  5 basilisks
  16 humans (D:13)
  13 vampire mosquitoes
  2 wargs (Orc:1)
  An acid dragon (D:11)
  26 soldier ants
  5 swamp worms
  13 water moccasins
  35 orc warriors
  6 black bears
  2 spectral hornets (Spider:4)
  3 ice beasts
  5 sky beasts
  4 boggarts (Lair:6)
  8 ogres
  2 phantoms
  19 wolves
  13 centaurs
  2 kobold brigands
  18 bullfrogs
  Blork the orc (D:5)
  3 gnoll sergeants
  6 scorpions
  28 wights
  8 killer bees
  A howler monkey (D:13)
  8 electric eels
  10 hounds
  A quasit (D:8)
  3 bullfrog zombies
  12 jellies
  Crazy Yiuf (D:2)
  3 gnoll shamans (D:6)
  A bullfrog skeleton (D:5)
  19 orc priests (Orc:2)
  7 centaur skeletons
  5 iguanas
  Natasha (thrice) (D:2)
  23 orc wizards
  28 worker ants
  2 hound zombies (D:5)
  2 hound skeletons
  A worker ant zombie (D:8)
  44 gnolls
  16 adders
  2 shadow imps
  4 white imps
  4 ufetubi
  An adder skeleton (D:6)
  7 worms
  3 dart slugs
  8 leopard geckos
  80 orcs
  A ball python (D:4)
  8 giant cockroaches
  7 goblins
  6 hobgoblins
  22 jackals
  4 quokkas
  14 bats
  7 frilled lizards
  A giant cockroach zombie (D:5)
  2 jackal skeletons (D:5)
  17 kobolds
  A leopard gecko skeleton (D:5)
  A quokka skeleton (D:5)
  A quokka zombie (D:5)
  13 rats
1187 creatures vanquished.

Vanquished Creatures (collateral kills)
  An oklob plant (Lair:1)
1 creature vanquished.

Vanquished Creatures (others)
  A wight (D:14)
  An iguana (D:9)
  16 foxfires
  16 fungi
  21 plants
  6 withered plants (D:15)
61 creatures vanquished.

Grand Total: 1249 creatures vanquished
